 Dungeon Crawl Stone Soup version 0.24.0-10-g970556be89 (webtiles) character file.

Game seed: 5483112359257010282, levelgen mode: classic

22 EnegeticOcto the Skirmisher (level 2, -1/25 HPs)
             Began as a Mummy Chaos Knight on Nov 3, 2019.
             Was a Plaything of Xom.
             Slain by a gnoll (7 damage)
             ... on level 1 of the Dungeon.
             The game lasted 00:00:40 (758 turns).

EnegeticOcto the Skirmisher (Mummy Chaos Knight)     Turns: 758, Time: 00:00:40

Health: -1/25      AC:  5    Str: 15    XL:     2   Next: 68%
Magic:  2/2        EV: 11    Int: 11    God:    Xom [......]
Gold:   42         SH:  0    Dex: 11    Spells: 1/1 levels left

rFire    x . .     SeeInvis .   a - +0 short sword (chaos)
rCold    + . .     Gourm    .   (no shield)
rNeg     + + +     Faith    .   b - +2 leather armour
rPois    ∞         Spirit   .   (no helmet)
rElec    .         Reflect  .   (no cloak)
rCorr    .         Harm     .   (no gloves)
MR       .....                  (no boots)
Stlth    +.........             (no amulet)
HPRegen  0.08/turn              (no ring)
MPRegen  0.08/turn              (no ring)

@: no status effects
A: no food or potions, fire vulnerability, cold resistance 1, negative energy
resistance 3, torment resistance, unbreathing
a: Renounce Religion


You were on level 1 of the Dungeon.
You worshipped Xom.
You were a very special plaything of Xom.
You were not hungry.

You visited 1 branch of the dungeon, and saw 2 of its levels.

You collected 42 gold pieces.

Inventory:

Hand Weapons
 a - a +0 short sword of chaos (weapon)
Armour
 b - a +2 leather armour (worn)
Scrolls
 c - a scroll of magic mapping {unknown}
 d - a scroll of fear {unknown}
 e - a scroll of remove curse {unknown}
 f - a scroll of identify {unknown}
 g - a scroll of immolation {unknown}


   Skills:
 + Level 4.0 Fighting
 - Level 2.4 Short Blades
 - Level 1.5 Armour
 - Level 0.7 Dodging


You had one spell level left.
You didn't know any spells.
Your spell library was empty.

Dungeon Overview and Level Annotations

Branches:
Dungeon (2/15)

Altars:
Fedhas


Innate Abilities, Weirdness & Mutations

You do not eat or drink.
Your flesh is vulnerable to fire.
You are immune to poison.
Your flesh is cold resistant. (rC+)
You are immune to negative energy. (rN+++)
You are immune to unholy pain and torment.
You can survive without breathing.


Message History

The goblin is heavily wounded.
The goblin barely misses you.
You closely miss the goblin.
The goblin is heavily wounded.
The goblin hits you but does no damage. x2
You closely miss the goblin.
The goblin is heavily wounded.
The goblin barely misses you. The goblin closely misses you.
There are monsters nearby!
You hit the goblin. You freeze the goblin.
You kill the goblin!
The goblin closely misses you.
You closely miss the goblin. The goblin hits you with a +0 dagger.
You hit the goblin. You drain the goblin.
You kill the goblin!
No target in view!
No target in view!
No target in view!
No target in view!
Things that are here:
a +0 dagger; a goblin corpse
Things that are here:
a +0 dagger; a goblin corpse
There is an escape hatch in the floor here.
Done exploring.
Done exploring.
Done exploring.
No target in view!
Search for what [? for help]? .
(D) Dungeon
Where to? (? - help)
There is a stone staircase leading down here.
You climb downwards.
A rat, 2 worms and a gnoll come into view.
The gnoll shouts!
You hear a shout!
Found four items.
Found a blossoming altar of Fedhas.
There is a stone staircase leading up here.
You barely miss the rat.
A kobold comes into view.
The rat barely misses you.
You barely miss the rat.
A gnoll comes into view.
The rat misses you.
You barely miss the rat.
The gnoll shouts!
Xom almost notices you.
Your eyebrows briefly feel incredibly bushy.
You are now a very special plaything of Xom.
A kobold comes into view.
The rat barely misses you.
You hit the rat.
You kill the rat!
A gnoll comes into view. It is wielding a +0 flail.
A goblin comes into view. It is wielding a +0 club.
The gnoll shouts!
The goblin shouts!
The gnoll closely misses you.
You climb upwards.
There is a stone staircase leading down here.
You hit the worm.
The worm is lightly wounded.
The worm closely misses you.
You hit the worm.
The worm is heavily wounded.
You hit the worm.
The worm pauses, visibly distraught.
The worm is heavily wounded.
The worm bites you!
You hit the worm.
The worm is severely wounded.
You barely miss the worm.
The worm is severely wounded.
The worm bites you but does no damage.
You hit the worm. You freeze the worm.
The worm is severely wounded.
The worm misses you.
You hit the worm.
You kill the worm!
Your Fighting skill increases to level 4!
You hit the gnoll. You freeze the gnoll.
The gnoll is moderately wounded.
The gnoll hits you.
You are too injured to fight recklessly!
You are too injured to fight recklessly!
You are too injured to fight recklessly!
You are too injured to fight recklessly!
You are too injured to fight recklessly!
You are too injured to fight recklessly!
You are too injured to fight recklessly!
You barely miss the gnoll.
The gnoll is moderately wounded.
The gnoll hits you!
* * * LOW HITPOINT WARNING * * *
You barely miss the gnoll.
The gnoll is moderately wounded.
You barely miss the gnoll.
The gnoll is moderately wounded.
The gnoll closely misses you.
You barely miss the gnoll.
The gnoll is moderately wounded.
The gnoll hits you!
You die...

..##.#.#####........#
..##.#.# #........#
..#....# #...!....#
.####### #........#
))..# ######.##..####
###.# #......##..#
#.# #.#######..# #.#
#.# ##g# #.# #.# #@#
###.# #.########)#
....# #..........#
##### ############


You could see a gnoll.

Vanquished Creatures
  A worm (D:1)
  2 giant cockroaches (D:1)
  4 goblins (D:1)
  5 kobolds (D:1)
  2 bats (D:1)
  5 rats
19 creatures vanquished.

Notes
Turn   | Place    | Note
-------+----------+-------------------------------------------
     0 | D:1      | EnegeticOcto the Mummy Chaos Knight began the quest for the
                  | Orb.
     0 | D:1      | Reached XP level 1. HP: 18/18 MP: 1/1
   104 | D:1      | XOM: divination: magic mapping
   112 | D:1      | Reached XP level 2. HP: 22/24 MP: 2/2
   739 | D:2      | Found a blossoming altar of Fedhas.
   742 | D:2      | XOM: silly message
   753 | D:1      | Reached skill level 4 in Fighting
   758 | D:1      | Slain by a gnoll

Levels and vault maps discovered:
D:1:      lemuel_arrival_rhombus, layout_basic,
          hangedman_abyss_or_decor_lesser_grid
D:2:      layout_loops_ring, lemuel_doored_altar, grunt_temple_overflow_open

Skill      XL: |  1  2 |
---------------+-------+-----
Fighting       | 4 |  4.0
Short Blades   | |  2.4
Armour         | |  1.5
Dodging        | |  0.7

Action                   || total
-------------------------++-------
Melee: Short sword       ||    64
Armor: Leather armour    ||    15
Dodge: Dodged            ||    40
